General information
- name: BNet
- type: Ladder team game (AT/RT)
- host: Battle.net
- saver: timg4strOK
map: TurtleRock
- players: 4
- length: 14:01
- speed: Fast
- version: 1.21 W3XP
- replay type:

» download(89 KB)
Players
team 1 (winner)

»
iggy_the_fisk (
red | 104 APM | 1463 actions | 14:01)
3 Demon Hunter
2 Mana Burn
1 Evasion
3 Pandaren Brewmaster
2 Breath of Fire
1 Drunken Haze
» actions
| Assign group hotkey | 238 | |
| Basic commands | 11 | |
| Build / train | 54 | |
| Enter build submenu | 12 | |
| Enter hero's abilities submenu | 6 | |
| Remove unit from queue | 4 | |
| Right click | 720 | |
| Select / deselect | 198 | |
| Select group hotkey | 177 | |
| Use ability | 43 | |
1463 total
» units
| Wisp | 11 | |
| Huntress | 5 | |
| Glaive Thrower | 1 | |
| Dryad | 9 | |
| Druid of the Claw | 3 | |
29 total
» upgrades
| Ultravision | 1 | |
| Abolish Magic | 1 | |
| Strength of the Wild | 1 | |
| Druid of the Claw Training | 2 | |
5 total
» buildings
| Altar of Elders | 1 | |
| Moon Well | 7 | |
| Ancient of War | 1 | |
| Hunter's Hall | 1 | |
| Tree of Ages | 1 | |
| Ancient of Lore | 2 | |
| Tree of Eternity | 1 | |
14 total
» build order
00:06 Altar of Elders
00:19 Moon Well
01:46 Ancient of War
01:49 Hunter's Hall
02:10 Moon Well
02:44 Moon Well
03:10 Tree of Ages
04:13 Moon Well
05:22 Moon Well
05:25 Moon Well
05:37 Ancient of Lore
05:41 Ancient of Lore
06:28 Moon Well
10:51 Tree of Eternity

»
timg4strOK (
purple | 139 APM | 1955 actions | 14:01)
5 Death Knight
3 Death Coil
2 Unholy Aura
3 Lich
2 Frost Nova
1 Frost Armor
» actions
| Assign group hotkey | 22 | |
| Basic commands | 41 | |
| Build / train | 37 | |
| Enter build submenu | 16 | |
| Enter hero's abilities submenu | 9 | |
| Give item / drop item | 5 | |
| Right click | 986 | |
| Select / deselect | 122 | |
| Select group hotkey | 657 | |
| Use ability | 60 | |
1955 total
» units
| Acolyte | 2 | |
| Ghoul | 2 | |
| Crypt Fiend | 9 | |
| Obsidian Statue | 2 | |
15 total
» upgrades
| Burrow | 1 | |
| Web | 1 | |
| Creature Attack | 1 | |
| Destroyer Form | 1 | |
4 total
» buildings
| Graveyard | 1 | |
| Crypt | 1 | |
| Ziggurat | 8 | |
| Altar of Darkness | 1 | |
| Nerubian Tower | 1 | |
| Tomb of Relics | 1 | |
| Halls of the Dead | 1 | |
| Slaughterhouse | 1 | |
| Black Citadel | 1 | |
| Sacrificial Pit | 1 | |
17 total
» build order
00:07 Graveyard
00:10 Crypt
00:15 Ziggurat
00:47 Altar of Darkness
01:38 Ziggurat
02:13 Nerubian Tower
02:56 Tomb of Relics
03:59 Ziggurat
04:20 Halls of the Dead
05:46 Ziggurat
08:04 Slaughterhouse
08:08 Ziggurat
09:30 Black Citadel
10:26 Ziggurat
10:55 Sacrificial Pit
10:57 Ziggurat
11:35 Ziggurat
» items
| Rod of Necromancy | 1 | |
| Scroll of Town Portal | 1 | |
| Scroll of Healing | 1 | |
| Sacrificial Skull | 1 | |
| Dust of Appearance | 1 | |
5 total
team 2 (loser)

»
nO.HaNDOuts (
pink | 96 APM | 1335 actions | 13:56)
4 Priestess of the Moon
2 Searing Arrows
2 Trueshot Aura
1 Keeper of the Grove
1 Force of Nature
» actions
| Assign group hotkey | 18 | |
| Basic commands | 44 | |
| Build / train | 48 | |
| Enter build submenu | 11 | |
| Enter hero's abilities submenu | 5 | |
| Give item / drop item | 2 | |
| Remove unit from queue | 5 | |
| Right click | 793 | |
| Select / deselect | 351 | |
| Select group hotkey | 20 | |
| Use ability | 38 | |
1335 total
» units
| Wisp | 9 | |
| Huntress | 14 | |
| Glaive Thrower | 1 | |
| Druid of the Claw | 2 | |
26 total
» upgrades
| Ultravision | 1 | |
| Druid of the Claw Training | 2 | |
3 total
» buildings
| Altar of Elders | 1 | |
| Moon Well | 4 | |
| Ancient of War | 2 | |
| Hunter's Hall | 1 | |
| Ancient Protector | 1 | |
| Tree of Ages | 1 | |
| Ancient of Lore | 2 | |
| Tree of Eternity | 1 | |
13 total
» build order
00:10 Altar of Elders
00:19 Moon Well
00:38 Ancient of War
01:57 Hunter's Hall
02:15 Ancient of War
02:25 Moon Well
02:48 Moon Well
04:39 Moon Well
06:13 Ancient Protector
08:00 Tree of Ages
10:30 Ancient of Lore
10:34 Ancient of Lore
10:42 Tree of Eternity
Trying.Solo (
teal | 122 APM | 1705 actions | 14:00)
4 Blademaster
2 Wind Walk
2 Critical Strike
2 Shadow Hunter
1 Hex
1 Healing Wave
» actions
| Assign group hotkey | 159 | |
| Build / train | 81 | |
| ESC pressed | 1 | |
| Enter build submenu | 13 | |
| Enter hero's abilities submenu | 6 | |
| Give item / drop item | 2 | |
| Remove unit from queue | 2 | |
| Right click | 939 | |
| Select / deselect | 169 | |
| Select group hotkey | 286 | |
| Use ability | 47 | |
1705 total
» units
| Peon | 12 | |
| Grunt | 3 | |
| Troll Headhunter/Berserker | 21 | |
| Shaman | 3 | |
39 total
» upgrades
| Ranged Weapons | 2 | |
| Troll Regeneration | 1 | |
| Berserker Upgrade | 1 | |
| Shaman Training | 2 | |
6 total
» buildings
| Altar of Storms | 1 | |
| Orc Burrow | 5 | |
| Barracks | 2 | |
| War Mill | 1 | |
| Voodoo Lounge | 2 | |
| Stronghold | 4 | |
| Fortress | 1 | |
| Spirit Lodge | 1 | |
17 total
» build order
00:02 Altar of Storms
00:15 Orc Burrow
00:39 Barracks
01:26 War Mill
01:36 Orc Burrow
02:17 Voodoo Lounge
02:28 Orc Burrow
02:48 Barracks
04:09 Orc Burrow
04:23 Voodoo Lounge
05:25 Stronghold
05:25 Stronghold
05:26 Stronghold
07:49 Fortress
08:58 Spirit Lodge
10:30 Orc Burrow
» items
| Healing Salve | 3 | |
| Lesser Clarity Potion | 2 | |
| Potion of Healing | 2 | |
| Scroll of Town Portal | 2 | |
9 total
Chat log
(00:04 / All) timg4strOK: gl hf
(00:07 / All) nO.HaNDOuts: u23
(00:54 / Allies) timg4strOK: +
(13:02 / All) timg4strOK: worth it
(13:36 / All) nO.HaNDOuts: gg
(13:38 / All) timg4strOK: gg